cohdb
Replays
Latest Replays
All Replays
Popular Replays
Top Player Replays
Match Explorer
How It Works
Community
CoH3 Stats
Reddit
Sign in to upload your games and track your stats! →
Sign in with Steam
Match 45375944
Unlisted
Match 45375944
Overview
Messages
Build Orders
End
Kettenkrad Recon Vehicle
Construct Infanterie Kompanie
MG 42 Machine Gun Team
Selects Breakthrough Battlegroup
Selects Breakthrough Battlegroup
Selects Breakthrough Battlegroup
Grenadier Squad
Grenadier Squad
Construct Panzergrenadier Kompanie
Selects Assault Grenadiers
Selects Assault Grenadiers
251 Medium Carrier
Pak 40 Anti-tank Gun Team
Support Elements
MG 42 Bunker
Infanterie Officer Quarters
Selects Smoke Bombing Run
Selects Mechanized Assault Group
StuG III G Assault Gun
MG 42 Machine Gun Team
Mechanized Assault Group
Smoke Bombing Run
Selects Rapid Production
StuG III G Assault Gun
Selects Blitzkrieg
Panzergrenadier Officer Quarters
Pioneer Squad
StuG III G Assault Gun
StuG III G Assault Gun
爆破w
KingLiA
dkdkabc
조영
Brick_man
Court Ordered Alcoholism
Gravy
勇爷来也
0
0
Comments
sign in to comment!
No comments posted yet!